 Dungeon Crawl Stone Soup version 0.31-a0-692-gf03d1854d5 (webtiles) character file.

Game seed: 1404894164840262881

729 GordonOverkill the Cudgeller (level 7, -19/70 HPs)
             Began as an Ogre Delver on Sept 7, 2023.
             Demolished by a manticore (23 damage)
             ... on level 6 of the Dungeon.
             The game lasted 00:12:01 (6297 turns).

GordonOverkill the Cudgeller (Ogre Delver)          Turns: 6297, Time: 00:12:01

Health: -19/70     AC:  5    Str: 19    XL:     7   Next: 73%
Magic:  7/7        EV:  8    Int: 11    God:
Gold:   270        SH:  6    Dex: 10    Spells: 6/6 levels left

rFire   + . .        m - +2 whip (venom)
rCold   . . .        C - +0 kite shield
rNeg    . . .        b - +0 robe
rPois   +            (helmet restricted)
rElec   .            u - +1 cloak
rCorr   .            (gloves unavailable)
SInv    .            (boots unavailable)
Will    .....        (no amulet)
Stlth   ++           h - ring of poison resistance
HPRegen 0.31/turn    (no ring)
MPRegen 0.10/turn

%: no passive effects
@: mighty
A: large, unfitting armour, tough skin 1, fire resistance 1
a: no special abilities


You were on level 6 of the Dungeon.
You visited 1 branch of the dungeon, and saw 7 of its levels.
You also visited: Sewer.

You collected 270 gold pieces.

Inventory:

Hand Weapons
 m - a +2 whip of venom (weapon)
 r - a +3 whip of pain
Missiles
 a - 14 poisoned darts (quivered)
 i - a curare-tipped dart
Armour
 b - a +0 robe (worn)
 u - a +1 cloak (worn)
 C - a +0 kite shield (worn)
Magical Staves
 l - a staff of air
Jewellery
 h - a ring of poison resistance (left hand)
 s - a ring of ice
Wands
 e - a wand of acid (4)
 g - a wand of digging (3)
 w - a wand of flame (18)
 B - a wand of paralysis (13)
Scrolls
 c - 3 scrolls of fog
 d - 2 scrolls of blinking
 f - a scroll of poison
 j - a scroll of amnesia
 k - a scroll of teleportation
 q - a scroll of enchant weapon
 x - 2 scrolls of fear
 y - a scroll of vulnerability {unknown}
Potions
 n - 2 potions of haste
 o - a potion of brilliance
 p - a potion of cancellation
 z - a potion of mutation
 A - a potion of curing {unknown}


   Skills:
 - Level 4.0 Fighting
 + Level 6.5 Maces & Flails
 - Level 2.0 Throwing
 - Level 1.7 Dodging
 - Level 3.7 Stealth
 - Level 3.0 Evocations


You had 6 spell levels left.
You didn't know any spells.
Your spell library contained the following spells:

 Spells                   Type           Power      Damage    Failure   Level
 Freeze                   Ice            0%         1d3       71%         1
 Frozen Ramparts          Ice            0%         1d1       97%         3
 Hailstorm                Conj/Ice       0%         3d3       97%         3
 Summon Forest            Summ/Tloc      0%         N/A       100%        5
 Malign Gateway           Summ/Tloc      0%         N/A       100%        7


Dungeon Overview and Level Annotations

Branches:
Dungeon (7/15)              Sewer (visited)
 Temple: D:4-7

Altars:
Fedhas
Okawaru
Qazlal
Uskayaw

Annotations:
D:5 2 transporters, mn3067's ghost, amateur TrSh


Innate Abilities, Weirdness & Mutations

You are too large for most types of armour.
You have tough skin. (AC +1)
Your flesh is heat resistant. (rF+)


Message History

* * * LOW HITPOINT WARNING * * *
You hit the manticore but do no damage.
The manticore looks as sick as possible!
The manticore is lightly wounded.
You block the manticore's attack. x2; The manticore claws you!
* * * LOW HITPOINT WARNING * * *
You feel much better.
You carefully extract the barbed spikes from your body.
The manticore barely misses you. You block the manticore's attack.
The manticore claws you!
* * * LOW HITPOINT WARNING * * *
It was a potion of might.
You feel very mighty all of a sudden. The manticore completely misses you.
The manticore claws you but does no damage. x2
You whack the manticore!
The manticore looks as sick as possible!
The manticore is moderately wounded.
The manticore barely misses you. The manticore claws you.
* * * LOW HITPOINT WARNING * * *
The manticore claws you!
* * * LOW HITPOINT WARNING * * *
You whack the manticore!
The manticore looks as sick as possible!
The manticore is heavily wounded.
You block the manticore's attack. The manticore claws you.
* * * LOW HITPOINT WARNING * * *
The manticore claws you but does no damage.
You barely miss the manticore.
The manticore is heavily wounded.
The manticore bites you!
* * * LOW HITPOINT WARNING * * *
The manticore claws you.
* * * LOW HITPOINT WARNING * * *
You block the manticore's attack.
You hit the manticore.
The manticore looks as sick as possible!
The manticore is severely wounded.
The manticore bites you!!
You die...

######################
....................>#
#####....###....#####.#
#.......<# #.##.#####.#
#......@.# #.##.##....#
#.....H....#.##.##.##.#
#......!##.#.##.##.##.#
#.......# ....#....##.#
#.......# ##########.#
#!...#### #.# #.### #.#
#! #.# #.#


You could see a manticore (extremely poisoned).

Vanquished Creatures
  Edmund (D:5)
  A scorpion (D:5)
  A howler monkey (D:6)
  2 jellies
  Ijyb (D:5)
  2 orc wizards
  An iguana (D:5)
  Natasha (thrice) (D:3)
  Robin (D:3)
  4 river rats
  9 adders
  2 white imps
  An adder skeleton (D:2)
  3 worms
  2 dart slugs
  10 orcs
  11 ball pythons
  6 bats
  A bat skeleton (D:2)
  A bat zombie (D:2)
  5 endoplasms
  5 giant cockroaches
  12 goblins
  11 hobgoblins
  10 kobolds
  2 quokkas (D:4)
  8 frilled lizards
  12 rats
128 creatures vanquished.

Notes
Turn   | Place    | Note
-------+----------+-------------------------------------------
     0 | D:5      | GordonOverkill the Ogre Delver began the quest for the Orb.
     0 | D:5      | Reached XP level 1. HP: 24/24 MP: 1/1
    88 | D:5      | Noticed a scorpion
   125 | D:4      | Reached skill level 2 in Maces & Flails
   230 | D:4      | Reached skill level 1 in Throwing
   254 | D:3      | Reached XP level 2. HP: 32/32 MP: 2/2
   281 | D:3      | Reached XP level 3. HP: 32/39 MP: 3/3
   474 | D:3      | Found a glowing drain.
   482 | D:3      | Noticed Robin
   538 | Sewer    | Entered a sewer
   684 | Sewer    | Reached skill level 3 in Maces & Flails
   733 | Sewer    | Reached XP level 4. HP: 44/48 MP: 4/4
  1091 | Sewer    | Gained mutation: Your flesh is heat resistant. (rF+)
                  | [potion of mutation]
  1280 | D:2      | Reached skill level 4 in Maces & Flails
  1343 | D:2      | Reached XP level 5. HP: 51/54 MP: 5/5
  2439 | D:1      | Found a faded altar of an unknown god.
  3046 | D:3      | Reached skill level 5 in Maces & Flails
  3086 | D:3      | Reached XP level 6. HP: 14/62 MP: 6/6
  3111 | D:3      | Found an iron altar of Okawaru.
  3414 | D:3      | Killed Robin
  3544 | D:3      | Got the Tome of Apparitions
  3564 | D:3      | Noticed Natasha
  3572 | D:3      | Killed Natasha
  3588 | D:3      | Noticed Natasha
  3603 | D:3      | Killed Natasha
  3936 | D:3      | Noticed Natasha
  3945 | D:3      | Killed Natasha
  4027 | D:3      | Noticed a +0 falchion
  4028 | D:3      | Noticed a +0 short sword
  4028 | D:3      | Noticed a +0 dagger
  4028 | D:3      | Noticed a +0 spear
  4028 | D:3      | Noticed a +0 falchion
  4029 | D:3      | Noticed a +0 spear
  4030 | D:3      | Noticed a +0 dagger
  4030 | D:3      | Noticed a +0 short sword
  4032 | D:3      | Found a hide-covered altar of Uskayaw.
  4550 | D:4      | Found a stormy altar of Qazlal.
  4839 | D:4      | HP: 3/62 [poisoned by an orc]
  5341 | D:5      | Reached skill level 6 in Maces & Flails
  5368 | D:5      | Noticed Ijyb
  5390 | D:5      | Killed Ijyb
  5391 | D:5      | Reached skill level 1 in Evocations
  5488 | D:5      | Found a transporter.
  5499 | D:5      | Reached XP level 7. HP: 63/70 MP: 7/7
  5549 | D:5      | Found a transporter.
  5560 | D:5      | Found a blossoming altar of Fedhas.
  5725 | D:5      | Noticed Edmund
  5739 | D:5      | Killed Edmund
  6146 | D:5      | Noticed mn3067's ghost (amateur TrSh)
  6279 | D:6      | Noticed a manticore
  6297 | D:6      | Demolished by a manticore

Illustrated notes

Levels and vault maps discovered:
D:1:      reono_arrival_forest_river, layout_rooms,
          hellmonk_ecumenical_altar_run_dry, roderic_roman_lattice
D:2:      layout_basic, serial_undead, serial_undead_a, serial_undead_a,
          serial_undead_b, serial_undead_d, minmay_close_crescents
D:3:      layout_basic, mainiacjoe_overflow_catwalk, nicolae_uskayaw_en_pointe,
          gup_sewer_entry_bowl, serial_glass, glass_columns_b, glass_columns_c,
          uniq_natasha, uniq_robin
D:4:      layout_cave_pools, lemuel_crystal_altar
D:5:      layout_loops_ring, mainiacjoe_overflow_tiny_flanked,
          gammafunk_ghost_stat_death, uniq_edmund, uniq_ijyb
D:6:      layout_basic, grunt_temple_overflow_open, temple_fountains
D:7:      lemuel_slime, layout_basic, minmay_strange_pillars

Skill      XL: |  1  2  3  4  5  6  7 |
---------------+----------------------+-----
Maces & Flails | 2 3 4 5 6 |  6.5
Throwing       | 1 2 |  2.0
Evocations     | 2 3 |  3.0
Fighting       | |  4.0
Dodging        | |  1.7
Stealth        | |  3.7

Action                     |  1- 3 |  4- 6 |  7- 9 || total
---------------------------+-------+-------+-------++-------
  Melee: Mace              |    58 |    41 |       ||    99
         Whip              |       |   327 |    50 ||   377
         Punch             |       |     1 |     1 ||     2
  Throw: Dart              |     9 |     2 |       ||    11
    Use: Scroll            |     2 |    11 |       ||    13
         Potion            |     1 |     3 |     2 ||     6
   Stab: Sleeping          |     5 |    13 |     3 ||    21
         Distracted        |       |     1 |       ||     1
 Armour: Robe              |    40 |   286 |    39 ||   365
  Dodge: Dodged            |    29 |   159 |    16 ||   204
  Block: Kite shield       |       |       |    12 ||    12

Table legend: (Time is in decaauts)
 A = Elapsed time spent in this place.
 B = Non-inter-level travel time spent in this place.
 C = Inter-level travel time spent in this place.
 D = Time resting spent in this place.
 E = Time spent auto-exploring this place.
 F = Levels seen in this place.
 G = Mean time per level.
                   A        B        C        D        E       F      G
               +--------+--------+--------+--------+--------+-----+--------+
         Total |   6260 |   5973 |    287 |   1652 |   2663 |   8 |  782.5 |
       Dungeon |   5663 |   5376 |    287 |   1433 |   2527 |   7 |  809.0 |
         Sewer |    597 |    597 |      0 |    218 |    136 |   1 |  597.0 |
               +--------+--------+--------+--------+--------+-----+--------+

Top non-repeatable levels by time:
     D:3: 1522 daAuts
     D:2: 1395 daAuts
     D:4: 1232 daAuts
     D:5: 893 daAuts
   Sewer: 597 daAuts
     D:1: 448 daAuts
     D:6: 155 daAuts
     D:7: 14 daAuts
